AoeStats
← 小白

Arena

509868449Analyzed
4v4 RM · 4d ago on Sep 28, 2026· 61m 33s· 8 players
Game mode
Random Map
Map size
Large (8 player)
Population
200
Speed
Normal
Resources
Standard
Victory
Conquest
Starting age
Dark Age
Ending age
Imperial Age
RankedLock teamsTeams togetherTeam positionsShared explorationLock speedFull tech treeHidden civsTurbo modeCheats
Victory
Defeat
🇹🇼 Khmer · Taiwan
1950
+9
🇹🇼 Romans · Taiwan
1914
+11
🇹🇼 Danes · Taiwan
1882
+12
🇹🇼 Saxons · Taiwan
1880
+12
🇨🇳 Tatars · China
1848
-13
🇦🇷 Turks · Argentina
1802
-11
🇭🇰 Italians · Hong Kong SAR China
1770
-10
🇨🇳 Danes · China
1762
-10
qeozouwajqnl
10:18 Feudal Age
14:03 Castle Age
14:57 Double-Bit Axe
14:54 Horse Collar
18:46 Loom
20:55 Town Watch
25:02 Bow Saw
27:41 Wheelbarrow
28:01 Stone Mining
28:03 Gold Mining
31:52 Imperial Age
30:21 Hand Cart
30:55 Heavy Plow
32:49 Padded Archer Armor
33:58 Leather Archer Armor
33:04 Elite Janissary
35:00 Conscription
35:55 Fortified Wall
42:21 Scale Barding Armor
42:27 Forging
43:56 Guilds
48:28 Caravan
50:53 Two-Man Saw
51:57 Ring Archer Armor
59:31 Bloodlines
59:21 Husbandry
Starsky
9:30 Feudal Age
10:58 Double-Bit Axe
13:37 Castle Age
14:41 Bow Saw
14:42 Horse Collar
18:55 Wheelbarrow
19:30 Heavy Plow
21:29 Town Watch
22:11 Hand Cart
22:22 Gold Mining
27:59 Imperial Age
25:40 Loom
26:52 Gold Shaft Mining
27:06 Scale Barding Armor
27:12 Forging
26:57 Stone Mining
27:37 Bloodlines
27:51 Husbandry
28:44 Chain Barding Armor
29:40 Iron Casting
28:29 Elite Steppe Lancer
30:17 Plate Barding Armor
30:22 Silk Armor
31:51 Conscription
33:10 Blast Furnace
32:35 Fletching
35:21 Siege Engineers
38:50 Masonry
38:54 Fortified Wall
39:37 Timurid Siegecraft
41:49 Treadmill Crane
43:07 Guilds
44:48 Light Cavalry
46:02 Caravan
54:57 Murder Holes
冥想控
10:33 Feudal Age
9:34 Loom
11:40 Double-Bit Axe
14:04 Castle Age
16:07 Squires
26:29 Town Watch
28:29 Wheelbarrow
28:07 Bow Saw
29:28 Horse Collar
30:50 Heavy Plow
31:52 Hand Cart
35:39 Imperial Age
33:45 Pikeman
35:42 Onager
35:43 Halberdier
36:48 Scale Mail Armor
37:35 Siege Onager
38:57 Siege Engineers
39:25 Northmen's Fury
40:58 Conscription
40:55 Chain Mail Armor
40:51 Forging
42:50 Plate Mail Armor
42:56 Iron Casting
45:11 Blast Furnace
45:50 Caravan
46:22 Hamask
49:17 Fletching
50:59 Bodkin Arrow
51:01 Gold Mining
61:18 Coinage
Nagasaki Anon
10:08 Feudal Age
11:39 Double-Bit Axe
14:09 Castle Age
13:08 Horse Collar
15:15 Bow Saw
20:46 Wheelbarrow
25:21 Imperial Age
23:06 Gold Mining
23:15 Fletching
23:49 Loom
24:26 Bodkin Arrow
26:56 Bracer
27:47 Padded Archer Armor
29:56 Chemistry
29:29 Conscription
29:29 Leather Archer Armor
30:34 Hand Cart
31:33 Ring Archer Armor
32:00 Elite Skirmisher
34:08 Thumb Ring
37:06 Heavy Plow
39:20 Pirotechnia
47:20 Capped Ram
48:02 Scale Mail Armor
48:13 Forging
48:08 Scale Barding Armor
49:26 Silk Road
50:26 Caravan
55:50 Fortified Wall
56:01 Ballistics
56:09 Bombard Tower
56:03 Masonry
56:58 Hoardings
60:51 Architecture
[LuB]夢夢
10:17 Feudal Age
13:35 Castle Age
11:35 Double-Bit Axe
12:17 Horse Collar
14:49 Bow Saw
16:48 Husbandry
22:28 Bloodlines
28:19 Wheelbarrow
27:41 Loom
27:42 Town Watch
31:40 Imperial Age
31:54 Imperial Age
29:42 Scale Barding Armor
30:14 Hand Cart
30:06 Heavy Plow
30:31 Forging
30:45 Chain Barding Armor
31:53 Iron Casting
31:50 Tusk Swords
32:48 Iron Casting
33:24 Plate Barding Armor
33:11 Conscription
32:29 Elite Battle Elephant
34:32 Blast Furnace
34:14 Gold Mining
34:14 Stone Mining
38:00 Light Cavalry
39:28 Gold Shaft Mining
39:28 Stone Shaft Mining
44:15 Hussar
46:13 Coinage
46:52 Caravan
47:00 Fletching
51:01 Banking
50:55 Bodkin Arrow
51:31 Crop Rotation
55:07 Bracer
GKT_Cloud
10:13 Feudal Age
11:08 Horse Collar
11:40 Double-Bit Axe
13:58 Castle Age
15:07 Bow Saw
17:05 Wheelbarrow
19:19 Hand Cart
21:29 Gold Mining
21:41 Loom
21:46 Town Watch
27:32 Imperial Age
25:48 Scale Mail Armor
25:58 Forging
25:21 Man-at-Arms
26:45 Chain Mail Armor
26:32 Squires
26:18 Gambesons
26:04 Long Swordsman
27:23 Arson
28:15 Iron Casting
27:56 Two-Handed Swordsman
29:08 Plate Mail Armor
28:45 Champion
29:02 Hamask
30:02 Conscription
30:28 Heavy Plow
32:14 Blast Furnace
31:48 Siege Engineers
32:39 Capped Ram
34:34 Chemistry
34:40 Siege Ram
35:09 Northmen's Fury
36:55 Coinage
38:16 Fletching
37:52 Pikeman
38:38 Halberdier
39:42 Onager
40:51 Onager
41:48 Bodkin Arrow
42:38 Caravan
43:09 Banking
43:06 Onager
45:31 Siege Onager
小白
9:08 Feudal Age
8:18 Loom
10:13 Double-Bit Axe
12:45 Castle Age
13:46 Bow Saw
21:29 Wheelbarrow
22:09 Horse Collar
22:59 Gold Mining
23:18 Heavy Plow
29:36 Hand Cart
29:36 Gold Mining
29:37 Stone Mining
35:00 Imperial Age
33:09 Ballistics
34:46 Ballistas
35:06 Heavy Scorpion
35:58 Siege Engineers
36:54 Chemistry
36:53 Fletching
39:31 Caravan
39:42 Guilds
39:53 Conscription
38:56 Capped Ram
40:24 Siege Ram
43:51 Coinage
46:58 Banking
[LuB]a61
10:11 Feudal Age
10:53 Double-Bit Axe
13:42 Castle Age
11:37 Horse Collar
16:38 Bow Saw
19:57 Wheelbarrow
21:35 Gold Mining
22:47 Hand Cart
22:49 Heavy Plow
27:21 Imperial Age
25:13 Treadmill Crane
25:54 Ballistics
25:25 Fletching
26:16 Gold Shaft Mining
26:42 Loom
26:43 Town Watch
26:55 Bodkin Arrow
27:01 Padded Archer Armor
26:54 Guard Tower
26:52 Crossbowman
28:13 Bracer
29:15 Chemistry
29:00 Leather Archer Armor
29:08 Conscription
29:00 Arbalester
29:46 Thumb Ring
30:22 Masonry
31:57 Keep
31:07 Arrowslits
33:09 Ring Archer Armor
33:12 Architecture
35:00 Elite Skirmisher
36:18 Guilds
36:09 Caravan
40:50 Pikeman
41:30 Squires
42:41 Two-Man Saw
41:15 Shield Wall
42:47 Halberdier
50:06 Scale Mail Armor
51:43 Forging
51:39 Stone Mining
53:22 Coinage
53:09 Chain Mail Armor
58:03 Banking
58:23 Plate Mail Armor
58:29 Iron Casting
Connection lost

Rejoining the realm…

Still unreachable

The connection could not be restored.

Session expired

The server has moved on; the page needs a fresh start.